 Dungeon Crawl Stone Soup version 0.30-a0-972-gf3ab3527aa (webtiles) character file.

Game seed: 13361981484632860022

1083 Mickster the Trooper (level 8, -9/70 HPs)
             Began as a Hill Orc Berserker on Mar 31, 2023.
             Was a Believer of Trog.
             Mangled by an ogre
             ... wielding a +0 giant club
              (12 damage)
             ... on level 6 of the Dungeon.
             The game lasted 00:39:17 (3366 turns).

Mickster the Trooper (Hill Orc Berserker)           Turns: 3366, Time: 00:39:17

Health: -9/70      AC: 14    Str: 22    XL:     8   Next: 30%
Magic:  8/8        EV:  8    Int:  7    God:    Trog [**....]
Gold:   288        SH:  0    Dex: 10    Spells: 7/7 levels left

rFire   . . .      SeeInvis .    i - +1 falchion (drain)
rCold   . . .      Faith    .    (no shield)
rNeg    . . .      Spirit   .    l - +0 chain mail
rPois   .          Reflect  .    (no helmet)
rElec   .          Rampage  .    (no cloak)
rCorr   .                        t - +1 pair of gloves
Will    .....                    f - +1 pair of boots Stlth
                                 d - amulet of magic regeneration
HPRegen 0.31/turn                (no ring)
MPRegen 0.51/turn                (no ring)

@: on berserk cooldown, hasted and slowed
A: no striking features
a: Renounce Religion, Berserk, Trog's Hand


You were on level 6 of the Dungeon.
You worshipped Trog.
Trog was pleased with you.
You visited 1 branch of the dungeon, and saw 6 of its levels.

You collected 288 gold pieces.

Inventory:

Hand Weapons
 a - a +0 hand axe
 b - a +0 flail
 h - a +3 dagger
 i - a +1 falchion of draining (weapon)
 k - a +2 quarterstaff of chaos
 n - a +6 short sword of speed
 u - a +0 shortbow
 y - a +2 flail of protection
Missiles
 c - 55 stones
 e - 5 boomerangs
 j - 7 poisoned darts (quivered)
Armour
 f - a +1 pair of boots (worn)
 l - a +0 chain mail (worn)
 m - a +1 cloak of willpower
 t - a +1 pair of gloves (worn)
Jewellery
 d - an amulet of magic regeneration (around neck)
Wands
 z - a wand of polymorph (2)
Scrolls
 g - 2 scrolls of teleportation
 r - 6 scrolls of identify
 x - a scroll of blinking
Potions
 p - a potion of berserk rage {unknown}
 s - 2 potions of haste
 v - a potion of attraction {unknown}


   Skills:
 + Level 6.3 Fighting
 - Level 3.6(3.7) Short Blades
 * Level 0.9(2.6) Long Blades
 - Level 4.8(5.3) Axes
 - Level 2.8(4.0) Maces & Flails
 - Level 1.1(1.8) Staves
 * Level 3.4 Throwing
 + Level 4.7 Armour
 * Level 2.5 Dodging
 + Level 0.6 Stealth


You had 7 spell levels left.
You didn't know any spells.
Your spell library was empty.

Dungeon Overview and Level Annotations

Branches:
Dungeon (6/15)             Temple (0/1) D:5

Altars:
Dithmenos
Ru

Annotations:
D:6 Maggie


Message History

The ogre hits you with a +0 giant club!
You hit the ogre but do no damage.
The ogre is lightly wounded.
The orc hits you but does no damage.
You hit the ogre. You punch the ogre.
The ogre is heavily wounded.
The ogre hits you with a +0 giant club.
* * * LOW HITPOINT WARNING * * *
The orc hits you with a +0 short sword.
* * * LOW HITPOINT WARNING * * *
You hit the ogre.
The ogre is heavily wounded.
The ogre hits you with a +0 giant club!
* * * LOW HITPOINT WARNING * * *
The orc hits you with a +0 short sword.
* * * LOW HITPOINT WARNING * * *
It was a potion of haste.
You feel yourself speed up. The orc barely misses you.
The ogre hits you with a +0 giant club!
* * * LOW HITPOINT WARNING * * *
Unknown command.
A red film seems to cover your vision as you go berserk!
You feel yourself moving faster!
You feel mighty! The orc hits you but does no damage.
You feel a strong urge to attack something.
Maggie gestures wildly while chanting.
There is a stone staircase leading up here.
You feel your anger nearly subside.
You are no longer berserk.
You are exhausted.
You feel yourself slow down. The ogre barely misses you.
The orc hits you with a +0 short sword.
* * * LOW HITPOINT WARNING * * *
There is a stone staircase leading up here.
You barely miss the ogre.
The ogre is heavily wounded.
The orc hits you but does no damage.
You barely miss the ogre.
The ogre is heavily wounded.
The ogre hits you with a +0 giant club!
You die...

#...# ##.## #.# #.# #.#
#.##############
#.######.#............#
...../...#)#####.....§#
.####.<))@O@........§##
###.#..)o..##.......#
#.......#.###.......######
#.#.##..).....##§.§.......
#.#.##.)#.###.#####.#####.
# #.......# #.. ...# #.
#.#.......# ##### #.
###.#......## #.
...........#### ######.


You could see Maggie, an ogre (drained) and an orc.

Vanquished Creatures
  Sigmund (D:4)
  Menkaure (D:6)
  Duvessa (D:6)
  An ogre (D:6)
  A phantom (D:5)
  Blork the orc (D:4)
  Dowan (D:6)
  3 hounds (D:5)
  Crazy Yiuf (D:3)
  3 orc priests
  2 iguanas
  3 orc wizards
  2 adders
  A shadow imp (D:5)
  A white imp (D:5)
  A worm (D:2)
  A dart slug (D:3)
  17 orcs
  2 bats (D:2)
  5 endoplasms
  A giant cockroach (D:2)
  3 goblins
  2 hobgoblins
  4 ball pythons
  A frilled lizard (D:1)
  4 kobolds
  A rat (D:1)
65 creatures vanquished.

Notes
Turn   | Place    | Note
-------+----------+-------------------------------------------
     0 | D:1      | Mickster the Hill Orc Berserker began the quest for the
                  | Orb.
     0 | D:1      | Reached XP level 1. HP: 19/19 MP: 1/1
   242 | D:2      | Reached XP level 2. HP: 22/27 MP: 2/2
   302 | D:2      | Reached skill level 4 in Fighting
   418 | D:2      | Found a shadowy altar of Dithmenos.
   712 | D:2      | Reached XP level 3. HP: 33/33 MP: 3/3
   924 | D:3      | Reached XP level 4. HP: 41/41 MP: 4/4
  1024 | D:3      | Found a faded altar of an unknown god.
  1144 | D:3      | Found a runed translucent door.
  1145 | D:3      | Noticed Crazy Yiuf
  1160 | D:3      | Killed Crazy Yiuf
  1161 | D:3      | Reached skill level 1 in Short Blades
  1357 | D:3      | Found a sacrificial altar of Ru.
  1571 | D:4      | Noticed Blork the orc
  1581 | D:4      | Killed Blork the orc
  1582 | D:4      | Reached skill level 5 in Fighting
  1582 | D:4      | Reached skill level 1 in Staves
  1582 | D:4      | Reached XP level 5. HP: 48/48 MP: 5/5
  1736 | D:4      | Noticed Sigmund
  1747 | D:4      | Killed Sigmund
  1748 | D:4      | Reached skill level 1 in Throwing
  1748 | D:4      | Reached XP level 6. HP: 56/56 MP: 6/6
  1788 | D:4      | Reached ** piety under Trog
  2149 | D:5      | Entered Level 5 of the Dungeon
  2149 | D:5      | Found a staircase to the Ecumenical Temple.
  2198 | D:5      | Reached XP level 7. HP: 61/61 MP: 7/7
  2897 | D:6      | Noticed Duvessa
  2897 | D:6      | Noticed Dowan
  2908 | D:6      | Killed Duvessa
  2909 | D:6      | Reached skill level 6 in Fighting
  2909 | D:6      | Reached skill level 1 in Maces & Flails
  2937 | D:6      | Killed Dowan
  3115 | D:6      | Noticed Menkaure
  3123 | D:6      | Killed Menkaure
  3124 | D:6      | Reached XP level 8. HP: 43/70 MP: 8/8
  3350 | D:6      | Noticed Maggie
  3364 | D:6      | HP: 2/70 [orc/+0 short sword (3)]
  3366 | D:6      | Mangled by an ogre

Illustrated notes

Levels and vault maps discovered:
D:1:      eino_arrival_water_cross, layout_basic, nrook_loot_triangle
D:2:      layout_rooms, basic_altar
D:3:      layout_loops_ring, regret_index_temple_of_mockery,
          mainiacjoe_overflow_cross_hatched,
          ebering_ecumenical_altar_sacrificial, uniq_jessica,
          uniq_crazy_yiuf_cottage
D:4:      minmay_spotlight, layout_basic, uniq_blork_the_orc, uniq_sigmund
D:5:      layout_basic, lemuel_temple_firewalk_b, minmay_misc_feat_chi
D:6:      layout_loops_cross, uniq_maggie, uniq_menkaure, uniq_duvessa

Skill      XL: |  1  2  3  4  5  6  7 |
---------------+----------------------+-----
Fighting       | 4 5 6 |  6.3
Short Blades   | 1 2 3 |  3.6
Dodging        | 2 |  2.5
Staves         | 1 |  1.1
Armour         | 3 4 |  4.7
Throwing       | 1 3 |  3.4
Maces & Flails | 2 |  2.8
Long Blades    | |  0.9
Axes           | |  4.8
Stealth        | |  0.6

Action                     |  1- 3 |  4- 6 |  7- 9 || total
---------------------------+-------+-------+-------++-------
  Melee: Hand axe          |    39 |       |       ||    39
         Dagger            |    21 |     8 |       ||    29
         Quarterstaff      |       |    14 |       ||    14
         Short sword       |       |    34 |    51 ||    85
         Flail             |       |       |    22 ||    22
         Punch             |       |       |     3 ||     3
         Falchion          |       |       |    28 ||    28
  Throw: Boomerang         |       |     3 |       ||     3
         Dart              |       |     1 |     3 ||     4
 Invoke: Berserk           |     2 |     6 |     5 ||    13
         Trog's Hand       |       |     1 |     3 ||     4
  Evoke: Wand              |       |       |     1 ||     1
    Use: Scroll            |     2 |     3 |     4 ||     9
         Potion            |       |     2 |     1 ||     3
 Armour: Animal skin       |     7 |       |       ||     7
         Leather armour    |     5 |       |       ||     5
         Chain mail        |       |    20 |    65 ||    85
  Dodge: Dodged            |    36 |    15 |    39 ||    90

Table legend: (Time is in decaauts)
 A = Elapsed time spent in this place.
 B = Non-inter-level travel time spent in this place.
 C = Inter-level travel time spent in this place.
 D = Time resting spent in this place.
 E = Time spent auto-exploring this place.
 F = Levels seen in this place.
 G = Mean time per level.
                   A        B        C        D        E       F      G
               +--------+--------+--------+--------+--------+-----+--------+
         Total |   3464 |   3267 |    197 |    483 |      0 |   6 |  577.3 |
       Dungeon |   3464 |   3267 |    197 |    483 |      0 |   6 |  577.3 |
               +--------+--------+--------+--------+--------+-----+--------+

Top non-repeatable levels by time:
     D:5: 745 daAuts
     D:2: 690 daAuts
     D:3: 687 daAuts
     D:4: 599 daAuts
     D:6: 496 daAuts
     D:1: 245 daAuts
